 Dungeon Crawl Stone Soup version 0.19.0 (webtiles) character file.

494 Sixotanaka the Slicer (level 6, 0/39 HPs)
             Began as a High Elf Hunter on Nov 6, 2016.
             Slain by Blork the orc
             ... wielding a +0 battleaxe
              (2 damage)
             ... on level 5 of the Dungeon.
             The game lasted 00:08:58 (4191 turns).

Sixotanaka the Slicer (High Elf Hunter)             Turns: 4191, Time: 00:08:59

Health: 0/39       AC:  7    Str: 11    XL:     6   Next: 92%
Magic:  16/16      EV: 12    Int: 16    God:
Gold:   296        SH:  0    Dex: 17    Spells: 0 memorised, 5 levels left

rFire  . . .     SeeInvis .     a - +1 shortbow
rCold  . . .     Gourm    .     o - +0 mottled dragon scales
rNeg   . . .     Faith    .     (shield currently unavailable)
rPois  +         Spirit   .     (no helmet)
rElec  .         Reflect  .     (no cloak)
rCorr  .         Harm     .     (no gloves)
MR     .....                    k - +0 pair of boots
Stlth  ++........               (no amulet)
                                q - ring of magical power
                                g - ring of poison resistance

@: no status effects
A: no striking features
a: no special abilities


You were on level 5 of the Dungeon.
You were not hungry.

You visited 1 branch of the dungeon, and saw 5 of its levels.

You collected 296 gold pieces.


   Skills:
 - Level 2.0 Fighting
 + Level 8.6 Short Blades
 - Level 5.3 Bows
 - Level 2.1 Dodging
 - Level 1.1 Stealth


You had 5 spell levels left.
You didn't know any spells.

Dungeon Overview and Level Annotations

Branches:
Dungeon (5/15)
 Temple: D:4-7

Altars:
Trog
The Shining One

Annotations:
D:3 Sigmund
D:4 exclusion: black bear
D:5 Blork the orc, Grinder

Inventory:

Hand Weapons
 a - a +1 shortbow (weapon)
 b - a +0 short sword
 w - a +0 blowgun
Missiles
 d - 35 arrows (quivered)
Armour
 k - a +0 pair of boots (worn)
 o - +0 mottled dragon scales (worn)
Jewellery
 g - a ring of poison resistance (left hand)
 q - a ring of magical power (right hand)
Scrolls
 e - a scroll of amnesia {unknown}
 l - 2 scrolls of teleportation {unknown}
 p - 5 scrolls of identify {unknown}
 t - 2 scrolls of magic mapping {unknown}
 v - a scroll of fear {unknown}
 y - a scroll of enchant armour {unknown}
 z - a scroll of enchant weapon {unknown}
 A - 2 scrolls of remove curse {unknown}
Potions
 c - 3 potions of flight
 i - a potion of heal wounds {unknown}
 j - a potion of curing {@q1}
 n - a potion of invisibility {unknown}
 s - a potion of agility {unknown}
 B - a potion of beneficial mutation {unknown}
Books
 x - a book of Minor Magic
Comestibles
 f - 3 bread rations
 h - 4 fruits
 r - a royal jelly
 u - 2 meat rations

#......# #.# #.....
##..<..# #(# #...##
#.....# #.# # ..###...##
##.....<../.# ..........
##.#####.#.####(####...##
#.##....(.(((.( ##.## #..
#.# #.# ### #{# #.# #@#
#.#####.# #.# #....>..#
##.# #######.# #..# ###.#
#)## #...# #.# # #.#...#
#)##.# #.#.### #.##.#
#.#.#
#######)##.########.#.#


There were no monsters in sight!


Message History

Grinder comes into view.
Things that are here:
an arrow; a flail
a - a +1 shortbow (weapon)
Grinder moves out of view.
d - 42 arrows (gained 1)
You see here a flail.
You start resting.
Eating one of 2 chunks of flesh.
You start eating one of the 2 chunks of flesh.
You are feeling hungry.
You start resting.
All of the chunks of flesh in your inventory have rotted away.
You see here a flail.
d - 49 arrows (gained 7)
Found a crooked bone wand.
Blork the orc comes into view.
He is wielding a battleaxe.
Aim: Blork the orc, wielding a battleaxe and wearing a robe (resting)
You shoot an arrow.
The arrow hits Blork the orc but does no damage.
Blork the orc shouts!
Aim: Blork the orc, wielding a battleaxe and wearing a robe You shoot an arrow.
The arrow closely misses Blork the orc.
Aim: Blork the orc, wielding a battleaxe and wearing a robe You shoot an arrow.
The arrow hits Blork the orc but does no damage.
Aim: Blork the orc, wielding a battleaxe and wearing a robe You shoot an arrow.
The arrow hits Blork the orc!
Blork the orc points at you and mumbles some strange words.
The puff of flame hits you!
Aim: Blork the orc, wielding a battleaxe and wearing a robe (moderately wounded)
You shoot an arrow. The arrow hits Blork the orc.
Blork the orc gestures at you while chanting.
The puff of flame hits you!
Aim: Blork the orc, wielding a battleaxe and wearing a robe (moderately wounded)
You shoot an arrow. The arrow closely misses Blork the orc.
Blork the orc casts a spell at you. The puff of frost hits you!
* * * LOW HITPOINT WARNING * * *
Okay, then.
You are too injured to fight recklessly!
Aim: Blork the orc, wielding a battleaxe and wearing a robe (moderately wounded)
You shoot an arrow.
The arrow hits Blork the orc but does no damage.
Really target yourself?
Okay, then.
Aim: Blork the orc, wielding a battleaxe and wearing a robe (moderately wounded)
You shoot an arrow. The arrow hits Blork the orc!
Aim: Blork the orc, wielding a battleaxe and wearing a robe (heavily wounded)
You shoot an arrow. The arrow hits Blork the orc.
Blork the orc barely misses you.
Aim: Blork the orc, wielding a battleaxe and wearing a robe (severely wounded)
You shoot an arrow. The arrow hits Blork the orc.
Aim: Blork the orc, wielding a battleaxe and wearing a robe (almost dead)
You shoot an arrow.
The arrow hits Blork the orc but does no damage.
Blork the orc curses repeatedly, in orcish tradition.
Blork the orc hits you but does no damage.
Aim: Blork the orc, wielding a battleaxe and wearing a robe (almost dead)
You shoot an arrow. The arrow hits Blork the orc.
Blork the orc hits you with a battleaxe!
* * * LOW HITPOINT WARNING * * *
Aim: Blork the orc, wielding a battleaxe and wearing a robe (almost dead)
You shoot an arrow.
The arrow hits Blork the orc but does no damage.
Blork the orc mumbles some strange words.
Blork the orc flickers and vanishes!
Deactivating autopickup; reactivate with Ctrl-A.
You shoot an arrow. Something hits you.
You die...

Action                   |  1- 3 |  4- 6 || total
-------------------------+-------+-------++-------
Melee: Short sword       |    33 |   192 ||   225
 Fire: Shortbow          |    66 |   121 ||   187
  Use: Potion            |       |     2 ||     2
 Stab: Sleeping          |     1 |     4 ||     5
       Distracted        |     1 |       ||     1
  Eat: Chunk             |     2 |     7 ||     9
       Pizza             |       |     1 ||     1
Armor: Leather armour    |     1 |       ||     1
       Mottled dragon sc |    11 |    77 ||    88
Dodge: Dodged            |    31 |   133 ||   164

Vault maps used:
D:1:      evilmike_arrival_home_sweet_home
D:2:      nicolae_tso_swordbearing_angel
D:3:      uniq_sigmund, uniq_crazy_yiuf_cottage
D:4:      black_bear_nest_2, tgw_trog
D:5:      first_bread, uniq_grinder, uniq_eustachio, uniq_blork_the_orc

Notes
Turn   | Place    | Note
-------+----------+-------------------------------------------
     0 | D:1      | Sixotanaka the High Elf Hunter began the quest for the Orb.
     0 | D:1      | Reached XP level 1. HP: 14/14 MP: 2/2
    67 | D:1      | Reached skill level 1 in Short Blades
    80 | D:1      | Reached skill level 2 in Short Blades
    80 | D:1      | Reached XP level 2. HP: 13/19 MP: 3/3
   521 | D:1      | Reached skill level 3 in Short Blades
   614 | D:1      | Reached XP level 3. HP: 24/24 MP: 4/4
  1149 | D:2      | Found a glowing golden altar of the Shining One.
  1321 | D:2      | Reached skill level 4 in Short Blades
  1450 | D:2      | Reached XP level 4. HP: 29/29 MP: 5/5
  1712 | D:2      | Reached skill level 5 in Short Blades
  2163 | D:3      | Noticed Sigmund
  2388 | D:3      | Reached XP level 5. HP: 32/34 MP: 6/6
  2823 | D:4      | Reached skill level 6 in Short Blades
  3060 | D:4      | Noticed a black bear
  3263 | D:4      | Noticed a moth of wrath
  3281 | D:4      | Reached skill level 7 in Short Blades
  3305 | D:4      | Found a bloodstained altar of Trog.
  3386 | D:4      | Reached XP level 6. HP: 21/39 MP: 7/7
  3552 | D:5      | Entered Level 5 of the Dungeon
  3708 | D:5      | Reached skill level 8 in Short Blades
  4119 | D:5      | Noticed Grinder
  4175 | D:5      | Noticed Blork the orc
  4189 | D:5      | HP: 1/39 [Blork the orc/battleaxe (13)]
  4191 | D:5      | Slain by Blork the orc

Vanquished Creatures
  A water moccasin zombie (D:5)
  A water moccasin skeleton (D:5)
  A howler monkey (D:4)
  2 bullfrog skeletons (D:5)
  An orc wizard (D:5)
  4 worker ants (D:4)
  7 adders
  2 oozes
  4 worms
  A dart slug (D:3)
  4 leopard geckos
  2 orcs (D:5)
  3 giant cockroaches
  10 goblins
  9 hobgoblins
  2 jackals (D:1)
  5 quokkas
  A ball python skeleton (D:4)
  7 bats
  8 frilled lizards
  A jackal zombie (D:5)
  12 kobolds
  9 rats
97 creatures vanquished.
